 Dungeon Crawl Stone Soup version 0.23-a0-321-g6bcb69f (webtiles) character file.

259 galech the Skirmisher (level 5, -7/42 HPs)
             Began as a Demonspawn Fighter on Oct 15, 2018.
             Killed by divine providence
             ... invoked by an orc priest
              (17 damage)
             ... on level 4 of the Dungeon.
             The game lasted 00:03:27 (2918 turns).

galech the Skirmisher (Demonspawn Fighter)          Turns: 2918, Time: 00:03:27

Health: -7/42      AC:  8    Str: 16    XL:     5   Next: 95%
Magic:  5/5        EV:  7    Int: 10    God:
Gold:   149        SH:  9    Dex: 13    Spells: 4/4 levels left

rFire    . . .     SeeInvis .   a - +0 war axe
rCold    . . .     Gourm    .   c - +0 shield
rNeg     . . .     Faith    .   b - +0 scale mail
rPois    +         Spirit   .   l - +2 hat
rElec    .         Reflect  .   (no cloak)
rCorr    .         Harm     .   (no gloves)
MR       .....                  (no boots)
Stlth    ..........             (no amulet)
HPRegen  0.14/turn              k - ring of poison resistance
MPRegen  0.09/turn              (no ring)

@: no status effects
A: demonic guardian 1
a: no special abilities


You were on level 4 of the Dungeon.
You were not hungry.

You visited 1 branch of the dungeon, and saw 4 of its levels.

You collected 149 gold pieces.

Inventory:

Hand Weapons
 a - a +0 war axe (weapon)
Armour
 b - a +0 scale mail (worn)
 c - a +0 shield (worn)
 l - a +2 hat (worn)
Jewellery
 k - a ring of poison resistance (left hand)
 q - an uncursed amulet of harm {unknown}
 r - a +5 ring of dexterity {unknown}
Scrolls
 e - 5 scrolls of identify {unknown}
 g - 2 scrolls of amnesia {unknown}
 h - a scroll of remove curse {unknown}
 j - 4 scrolls of enchant weapon {unknown}
 m - a scroll of noise {unknown}
 n - 2 scrolls of teleportation {unknown}
 o - a scroll of random uselessness {unknown}
 p - a scroll of magic mapping {unknown}
 u - a scroll of fog {unknown}
Potions
 d - 2 potions of might
 i - 2 potions of lignification {unknown}
 s - a potion of flight {unknown}
Comestibles
 f - 5 rations
 t - a chunk of flesh


   Skills:
 + Level 4.1 Fighting
 + Level 3.7 Axes
 + Level 3.4 Armour
 + Level 1.0 Dodging
 + Level 3.4 Shields


You had 4 spell levels left.
You didn't know any spells.
Your spell library was empty.

Dungeon Overview and Level Annotations

Branches:
Dungeon (4/15)
 Temple: D:4-7

Altars:
Qazlal
Trog


Innate Abilities, Weirdness & Mutations

A weak demonic guardian rushes to your aid.


Message History

The orc priest hits you with a +0 whip of venom.
* * * LOW HITPOINT WARNING * * *
You are too injured to fight recklessly!
You are too injured to fight recklessly!
You are too injured to fight recklessly!
You are too injured to fight recklessly!
You are too injured to fight recklessly!
You are too injured to fight recklessly!
You are too injured to fight recklessly!
You are too injured to fight recklessly!
You are too injured to fight recklessly!
You swap places.
Your iron imp hits the orc priest!
The orc priest hits your iron imp but does no damage.
Your iron imp closely misses the orc priest.
The orc priest hits your iron imp with a +0 whip of venom!
Your iron imp barely misses the orc priest.
The orc priest closely misses your iron imp.
The orc priest invokes the aid of Beogh against you.
Beogh smites you!
You die...

########.#.#
#.#.# #.#.#
#.#.# #o#.#
#.#.# #.#.#
#.#.##########
#.#...@...5oo#
#o##########o#
#.......# #.#
#######)####<#
#......#
#.####.# ###
###


You could see an orc priest, 2 orcs and a friendly iron imp.

Vanquished Creatures
  An orc priest (D:3)
  An orc wizard (D:4)
  Natasha (twice) (D:3)
  3 gnolls
  2 adders
  A shadow imp (D:3)
  3 worms
  A dart slug (D:1)
  4 leopard geckos
  5 orcs
  6 giant cockroaches
  8 goblins
  4 hobgoblins
  4 jackals (D:1)
  A quokka (D:3)
  A ball python (D:1)
  7 bats
  4 frilled lizards (D:2)
  9 kobolds
  8 rats
75 creatures vanquished.

Vanquished Creatures (collateral kills)
  Natasha (D:3)
1 creature vanquished.

Grand Total: 76 creatures vanquished

Notes
Turn   | Place    | Note
-------+----------+-------------------------------------------
     0 | D:1      | galech the Demonspawn Fighter began the quest for the Orb.
     0 | D:1      | Reached XP level 1. HP: 18/18 MP: 1/1
   140 | D:1      | Gained mutation: A weak demonic guardian rushes to your
                  | aid. [demonic ancestry]
   140 | D:1      | Reached XP level 2. HP: 24/24 MP: 2/2
   484 | D:1      | Reached XP level 3. HP: 27/29 MP: 3/3
   954 | D:2      | Found a bloodstained altar of Trog.
  1358 | D:2      | Reached XP level 4. HP: 35/35 MP: 4/4
  1960 | D:3      | Noticed Natasha
  1973 | D:3      | Killed Natasha
  2046 | D:3      | Noticed Natasha
  2053 | D:3      | Killed Natasha
  2053 | D:3      | Reached XP level 5. HP: 34/42 MP: 5/5
  2602 | D:3      | Noticed Natasha
  2608 | D:3      | Killed Natasha
  2608 | D:3      | Reached skill level 4 in Fighting
  2664 | D:3      | Found a stormy altar of Qazlal.
  2912 | D:4      | Reached skill level 1 in Dodging
  2918 | D:4      | Killed from afar by an orc priest

Vault maps used:
D:1:      dpeg_arrival_stone_temple_mockup
D:2:      old_standard_altar, first_ration, chequers_avenue
D:3:      nicolae_overflow_hidden_temple, uniq_natasha
D:4:      okawaru_gym_becter, zin_treasury

Skill      XL: |  1  2  3  4  5 |
---------------+----------------+-----
Axes           | 2 3 |  3.7
Armour         | 3 |  3.4
Shields        | 3 |  3.4
Fighting       | 4 |  4.1
Dodging        | 1 |  1.0

Action                   |  1- 3 |  4- 6 || total
-------------------------+-------+-------++-------
Melee: War axe           |   125 |   142 ||   267
  Eat: Chunk             |     2 |     5 ||     7
Armor: Scale mail        |    73 |    56 ||   129
Dodge: Dodged            |    33 |    47 ||    80
Block: Shield            |    62 |    69 ||   131

Table legend:
 A = Non-vault XP
 B = Vault XP
 C = Vault XP percentage of total XP
 D = Non-vault monster count
 E = Vault monster count
 F = Vault count percentage of total count
                 A         B        C        D         E       F
            +---------+---------+-------+---------+---------+-------
      Total |     346 |      25 |   6.7 |      75 |       1 |   1.3
            +---------+---------+-------+---------+---------+-------
        D:1 |      47 |       0 |   0.0 |      27 |       0 |   0.0
        D:2 |      67 |       0 |   0.0 |      22 |       0 |   0.0
        D:3 |     190 |      25 |  11.6 |      24 |       1 |   4.0
        D:4 |      42 |       0 |   0.0 |       2 |       0 |   0.0
            +---------+---------+-------+---------+---------+-------
